 Dungeon Crawl Stone Soup version 0.31.0-4-g52a2dc7128 (webtiles) character file.

Game seed: 9485622118226838638

13744 Amplified the Arsonist (level 11, -15/97 HPs)
             Began as a Pale Draconian Fire Elementalist on Jan 23, 2024.
             Was a High Priest of the Shining One.
             Demolished by Frances
             ... wielding a +1 battleaxe of pain
              (27 damage)
             ... on level 12 of the Dungeon.
             The game lasted 00:30:12 (12558 turns).

Amplified the Arsonist (DrFE)                      Turns: 12558, Time: 00:30:13

Health: -15/97     AC: 11    Str: 13    XL:     11   Next: 79%
Magic:  22/23      EV: 10    Int: 19    God:    the Shining One [*****.]
Gold:   874        SH: 11    Dex: 15    Spells: 21/26 levels left

rFire   + . .        d - +1 whip (elec)
rCold   + . .        u - +0 kite shield of the Griffon {rC+ Will+ Dex+3}
rNeg    + + .        (body armour unavailable)
rPois   .            j - +2 hat
rElec   .            N - scarf {repulsion}
rCorr   .            I - +1 pair of gloves {Stlth+}
SInv    .            (no boots)
Will    +....        (no amulet)
Stlth   +            a - ring of protection from fire
HPRegen 1.16/turn    H - +4 ring of slaying
MPRegen 0.18/turn

%: repel missiles
@: mighty, about to teleport, short of breath, glowing
A: breathe steam, AC +7, unfitting armour, cold-blooded, steam resistance,
clever 1, regeneration 1, subdued magic 1
a: Breathe Steam, Renounce Religion, Divine Shield, Cleansing Flame, Summon
Divine Warrior


You were on level 12 of the Dungeon.
You worshipped the Shining One.
The Shining One was extremely pleased with you.
You visited 1 branch of the dungeon, and saw 12 of its levels.
You also visited: Ossuary.

You collected 1303 gold pieces.
You spent 429 gold pieces at shops.

Inventory:

Hand Weapons
 d - a +1 whip of electrocution (weapon)
 G - a +0 demon whip of venom
Missiles
 i - 83 poisoned darts (quivered)
Armour
 e - a +1 tower shield
 j - a +2 hat (worn)
 u - the +0 kite shield of the Griffon (worn) {rC+ Will+ Dex+3}
   (You bought it in a shop on level 6 of the Dungeon)

   Dex+3:     It affects your dexterity (+3).
   rC+:       It protects you from cold.
   Will+:     It increases your willpower.
 I - a +1 pair of gloves of stealth (worn)
 K - a +0 pair of gloves
 N - a scarf of repulsion (worn)
Magical Staves
 t - a staff of cold
Jewellery
 a - a ring of protection from fire (left hand)
 z - a ring of fire
 A - a ring of willpower
 F - a ring of protection from fire
 H - a +4 ring of slaying (right hand)
 J - a ring of ice
Talismans
 l - a blade talisman
Wands
 h - a wand of iceblast (6)
 n - a wand of polymorph (6)
 p - a wand of acid (4)
 s - a wand of flame (22)
 v - a wand of digging (5)
 M - a wand of mindburst (5)
Scrolls
 b - 4 scrolls of poison
 c - 5 scrolls of vulnerability
 g - 2 scrolls of immolation
 k - 2 scrolls of fog
 m - 2 scrolls of amnesia
Potions
 f - a potion of invisibility
 q - 2 potions of enlightenment
 r - a potion of brilliance
 w - 2 potions of lignification
 B - a potion of cancellation
 C - 3 potions of haste
 D - a potion of attraction
 E - 2 potions of mutation


   Skills:
 * Level 9.4 Fighting
 * Level 6.9(7.5) Maces & Flails
 - Level 4.3(6.2) Staves
 - Level 1.7 Dodging
 - Level 2.1 Stealth
 * Level 8.5 Shields
 * Level 8.3 Spellcasting
 - Level 1.0 Conjurations
 * Level 10.2 Fire Magic


You had 21 spell levels left.
You knew the following spells:

 Your Spells              Type           Power      Damage    Failure   Level
a - Foxfire               Conj/Fire      88%        2x1d8     1%          1
b - Scorch                Fire           70%        2d7       1%          2
c - Lesser Beckoning      Tloc           12%        N/A       30%         2

Your spell library contained the following spells:

 Spells                   Type           Power      Damage    Failure   Level
 Inner Flame              Hex/Fire       20%        N/A       7%          3
 Volatile Blastmotes      Fire/Tloc      40%        2d13      7%          3
 Flame Wave               Conj/Fire      22%        2d8       19%         4
 Apportation              Tloc           12%        N/A       21%         1
 Momentum Strike          Conj/Tloc      14%        3d8       24%         2
 Blink                    Tloc           12%        N/A       30%         2
 Jinxbite                 Hex            12%        N/A       30%         2
 Ozocubu's Armour         Ice            6%         N/A       52%         3
 Alistair's Intoxication  Alch           4%         N/A       99%         5
 Metabolic Englaciation   Hex/Ice        3%         N/A       99%         5
 Sculpt Simulacrum        Ice/Alch       3%         N/A       100%        6


Dungeon Overview and Level Annotations

Branches:
Dungeon (12/15)            Temple (0/1) D:5            Lair (0/5) D:11
    Orc (0/2) D:11        Ossuary (visited)

Altars:
Ashenzari
Elyvilon
Makhleb
Okawaru
Ru
Zin
The Shining One

Shops:
D:6 [   D:10 (

Annotations:
D:12 Frances


Innate Abilities, Weirdness & Mutations

You can breathe blasts of scalding, opaque steam.
Your pale cyan-grey scales are hard. (AC +7)
You cannot fit into any form of body armour.
You are cold-blooded and may be slowed by cold attacks.
You are immune to the effects of steam.
Your mind is acute. (Int +4, Str/Dex -1)
Your natural rate of healing is unusually fast.
Your spells are a little easier to cast, but a little less powerful.


Message History

Frances mutters in a terrible tongue.
The shard of ice hits you!! You partially resist.
Frances hits you with a +1 battleaxe of pain!!
You hit Frances.
Frances is heavily wounded.
You block Frances's attack.
Unknown command.
Okay, then.
Okay, then.
Okay, then.
You feel better. Frances barely misses you.
Frances hits you with a +1 battleaxe of pain!!
* * * LOW HITPOINT WARNING * * *
You writhe in agony.
* * * LOW HITPOINT WARNING * * *
Unknown command.
Okay, then.
Okay, then.
Aiming: Breathe Steam (1% risk of failure)
Press: ? - help, Shift-Dir - straight line, f - Frances
Aim: Frances, wielding a +1 battleaxe of pain and wearing a +4 ring mail of cold resistance (heavily wounded, fast, more vulnerable to fire, covered in acid, haloed, 84% to hit)
You exhale a blast of scalding steam.
The ball of steam misses Frances.
Frances is engulfed in a cloud of scalding steam.
Frances hits you but does no damage.
As you read the scroll of teleportation, it crumbles to dust.
You feel strangely unstable.
Frances is engulfed in a cloud of scalding steam.
Frances chants phrases taken from a devil's mouth.
The shard of ice hits you!! You partially resist.
* * * LOW HITPOINT WARNING * * *
Frances is engulfed in a cloud of scalding steam.
Frances misses you.
Unknown command.
You feel better.
Frances is no longer covered in acid.
Frances hits you with a +1 battleaxe of pain!
* * * LOW HITPOINT WARNING * * *
You feel better.
Frances is no longer more vulnerable to fire.
Frances hits you with a +1 battleaxe of pain!!
You die...

#..# #..# #..# #..#
#..# #..# #..# #..#
#..# #..######..####..#
#..#
######................#
..
......................
..
........####.#..####..
## ........###.##..# .
........##@###.[#
........#.#@##..#
........@###.#..#
......44## #...#
.....4..# #..#
........# ..# .........
>.. ......... ...
######..## ### #..#


You could see Frances (fast).

Vanquished Creatures
  Erica (D:8)
  Fannar (D:11)
  A two-headed ogre (D:11)
  Amaemon (D:8)
  Pikel (D:6)
  Joseph (D:8)
  A manticore (D:12)
  An orange demon (D:8)
  A gargoyle (D:12)
  2 trolls
  Sigmund (D:5)
  8 yaks
  3 wraiths
  5 shadows
  Grum (D:8)
  Menkaure (D:4)
  A warg (D:11)
  The ghost of Name63 the Magician, an amateur DjCj (D:3)
  An acid dragon (D:12)
  4 water moccasins
  An ice beast (D:8)
  A sky beast (D:8)
  5 orc warriors
  An ogre (D:7)
  3 centaurs
  2 wolves (D:8)
  4 kobold brigands
  8 bullfrogs
  3 scorpions
  5 wights (D:10)
  33 killer bees
  6 howler monkeys
  A bombardier beetle (D:5)
  3 bullfrog zombies (Ossuary)
  6 hounds
  Crazy Yiuf (D:4)
  3 gnoll boudas
  4 iguanas
  A jelly (D:6)
  9 orc priests
  7 mummies (Ossuary)
  9 orc wizards
  Terence (D:2)
  A killer bee zombie (Ossuary)
  3 crocodile zombies (Ossuary)
  3 hound zombies (Ossuary)
  18 gnolls
  7 adders
  A shadow imp (D:7)
  3 dart slugs
  A ribbon worm (D:4)
  39 orcs
  3 endoplasms
  2 giant cockroaches
  6 goblins
  4 hobgoblins
  4 jackals (D:4)
  A quokka (D:3)
  6 ball pythons
  4 ball python zombies (Ossuary)
  5 bats
  30 kobolds
  4 rats
299 creatures vanquished.

Vanquished Creatures (others)
  281 foxfires
281 creatures vanquished.

Grand Total: 580 creatures vanquished

Notes
Turn   | Place    | Note
-------+----------+-------------------------------------------
     0 | D:1      | Amplified the Draconian Fire Elementalist began the quest
                  | for the Orb.
     0 | D:1      | Reached XP level 1. HP: 14/14 MP: 3/3
   297 | D:1      | Reached XP level 2. HP: 22/22 MP: 5/5
   314 | D:1      | Reached skill level 1 in Fighting
  1222 | D:2      | Reached XP level 3. HP: 24/28 MP: 3/6
  1557 | D:2      | Learned a level 2 spell: Scorch
  1819 | D:2      | Noticed Terence
  1858 | D:2      | Killed Terence
  1859 | D:2      | Reached XP level 4. HP: 31/36 MP: 0/8
  1965 | D:3      | Noticed Name63's ghost (amateur DjCj)
  1974 | D:3      | Found a runed translucent door.
  2003 | D:3      | Reached skill level 1 in Shields
  2069 | D:3      | HP: 1/36 [gnoll/+0 halberd[a gnoll bouda] (10)]
  2125 | D:3      | Gained mutation: Your natural rate of healing is unusually
                  | fast. [potion of mutation]
  2125 | D:3      | Gained mutation: Your spells are a little easier to cast,
                  | but a little less powerful. [potion of mutation]
  2125 | D:3      | Gained mutation: Your mind is acute. (Int +4, Str/Dex -1)
                  | [potion of mutation]
  2226 | D:2      | Reached XP level 5. HP: 42/42 MP: 6/9
  2315 | D:3      | Found a glowing golden altar of the Shining One.
  2356 | D:3      | Found an iron altar of Okawaru.
  2388 | D:3      | Found a faded altar of an unknown god.
  2401 | D:3      | Prayed at the altar of an unknown god.
  2401 | D:3      | Became a worshipper of the Shining One
  2401 | D:3      | Reached * piety under the Shining One
  2468 | D:3      | Reached skill level 4 in Fire Magic
  2814 | D:3      | Reached skill level 1 in Staves
  2822 | D:3      | Reached XP level 6. HP: 32/51 MP: 0/11
  2945 | D:4      | Noticed Menkaure
  2959 | D:4      | The Shining One protects you from harm!
  2961 | D:4      | Killed Menkaure
  3075 | D:4      | Found a runed translucent door.
  3076 | D:4      | Noticed Crazy Yiuf
  3170 | D:4      | Noticed a water moccasin
  3178 | D:4      | Killed a water moccasin
  3179 | D:4      | Your scales start taking on a pale cyan-grey colour.
  3179 | D:4      | Reached skill level 5 in Fire Magic
  3179 | D:4      | Reached XP level 7. HP: 48/57 MP: 4/12
  3179 | D:4      | Gained mutation: You are immune to the effects of steam.
                  | [Pale Draconian growth]
  3508 | D:4      | Killed Crazy Yiuf
  3564 | D:5      | Entered Level 5 of the Dungeon
  3791 | D:5      | Reached XP level 8. HP: 67/67 MP: 8/14
  3794 | D:5      | Learned a level 2 spell: Lesser Beckoning
  3835 | D:5      | Found a burning altar of Makhleb.
  4050 | D:5      | Found a staircase to the Ecumenical Temple.
  4174 | D:5      | Noticed Sigmund
  4190 | D:5      | Killed Sigmund
  4210 | D:5      | Reached skill level 6 in Fire Magic
  4438 | D:5      | Found a glowing silver altar of Zin.
  4524 | D:6      | Found a broken altar of Ashenzari.
  4538 | D:6      | Found Ystum's Antique Armour Shop.
  4546 | D:6      | Noticed Pikel
  4564 | D:6      | The Shining One protects you from harm!
  4566 | D:6      | Killed Pikel
  4567 | D:6      | Reached skill level 5 in Fighting
  4567 | D:6      | Reached skill level 5 in Spellcasting
  4592 | D:6      | Bought a warped kite shield for 247 gold pieces
  4592 | D:6      | Identified the +0 kite shield of the Griffon {rC+ Will+
                  | Dex+3} (You bought it in a shop on level 6 of the Dungeon)
  4683 | D:6      | Reached XP level 9. HP: 75/75 MP: 8/16
  4699 | D:6      | Found a sand-covered staircase.
  4716 | Ossuary  | Entered an ossuary
  4732 | Ossuary  | Reached skill level 1 in Maces & Flails
  4800 | Ossuary  | Reached skill level 5 in Shields
  4823 | Ossuary  | Reached ** piety under the Shining One
  4930 | Ossuary  | Reached skill level 7 in Fire Magic
  5146 | D:6      | Identified the +0 scale mail of Inips {rPois}
  5328 | D:6      | Reached *** piety under the Shining One
  5691 | D:6      | Identified a scroll of acquirement
  5691 | D:6      | Acquired 700 gold pieces
  7649 | D:8      | Noticed Amaemon
  7650 | D:8      | Noticed an orange demon
  7676 | D:8      | Killed Amaemon
  7677 | D:8      | Reached skill level 8 in Fire Magic
  7677 | D:8      | Reached XP level 10. HP: 86/86 MP: 19/19
  7679 | D:8      | Killed an orange demon
  7782 | D:8      | Noticed Grum
  7811 | D:8      | Killed Grum
  8057 | D:8      | Noticed Erica
  8066 | D:8      | Killed Erica
  8067 | D:8      | Noticed Joseph
  8165 | D:9      | Reached skill level 5 in Maces & Flails
  8624 | D:9      | Reached **** piety under the Shining One
  8929 | D:8      | Reached skill level 9 in Fire Magic
  9101 | D:8      | Killed Joseph
  9294 | D:6      | Bought a glowing hat for 182 gold pieces
  9429 | D:3      | Killed Name63's ghost
  9688 | D:10     | Entered Level 10 of the Dungeon
  9929 | D:10     | Reached XP level 11. HP: 92/95 MP: 18/22
 10086 | D:10     | Found Caym's Weapon Shoppe.
 10451 | D:10     | Identified the +9 dagger of War {protect, Dex+5}
 10488 | D:10     | Found a white marble altar of Elyvilon.
 10853 | D:11     | Noticed a two-headed ogre
 10858 | D:11     | Killed a two-headed ogre
 10986 | D:11     | Found a staircase to the Orcish Mines.
 11137 | D:11     | Found a staircase to the Lair.
 11235 | D:11     | Noticed Fannar
 11250 | D:11     | Killed Fannar
 12013 | D:12     | Reached ***** piety under the Shining One
 12025 | D:12     | Reached skill level 10 in Fire Magic
 12293 | D:12     | Found a sacrificial altar of Ru.
 12539 | D:12     | Noticed Frances
 12556 | D:12     | HP: 2/97 [Frances/shard of ice (19)]
 12558 | D:12     | Demolished by Frances

Illustrated notes

Levels and vault maps discovered:
D:1:      dpeg_arrival_round_a, layout_basic
D:2:      layout_loops_ring, uniq_terence
D:3:      wander_river, layout_rooms, mainiacjoe_overflow_boulevard, tso_altar,
          hellmonk_ghost_happy_afterlife, hellmonk_ecumenical_altar_blasted,
          nicolae_grassy_gnolls
D:4:      layout_rooms, uniq_crazy_yiuf_cottage, uniq_menkaure
D:5:      nicolae_BIG_FREAKIN_CUBE, layout_cave_pools,
          lemuel_coloured_pillars_altar, makhleb_heckhound_becter,
          minmay_temple_entry_grid, serial_glass, glass_columns_b,
          glass_columns_a, glass_columns_a, glass_columns_a, glass_columns_a,
          glass_columns_a, uniq_sigmund
D:6:      layout_layer_cave, nicolae_ashenzari_skybound,
          nicolae_ossuary_entry_false_entrances, serial_shops,
          nicolae_shop_tiny_glass, uniq_pikel
D:7:      layout_cave_pods
D:8:      layout_cave_pools, uniq_amaemon, uniq_joseph, uniq_erica, uniq_grum
D:9:      layout_basic
D:10:     layout_irregular_city, nicolae_overflow_hidden_temple, serial_shops,
          nicolae_shop_peninsula, dreamdust_gnoll_shepherd
D:11:     layout_cave_pods, lair_entry_dummy, erik_orc_4, kennysheep_dice,
          uniq_fannar
D:12:     layout_small_grid, nicolae_ru_sacrificial_ziggurat, uniq_sonja,
          uniq_frances

Skill      XL: |  1  2  3  4  5  6  7  8  9 10 11 |
---------------+----------------------------------+-----
Fighting       | 1 2 3 4 5 7 8 9 |  9.4
Stealth        | 2 |  2.1
Shields        | 1 2 3 4 6 7 8 |  8.5
Spellcasting   | 3 4 5 6 7 8 |  8.3
Fire Magic     | 4 5 6 8 9 10 | 10.2
Staves         | 1 2 3 4 |  4.3
Maces & Flails | 3 5 6 |  6.9
Dodging        | |  1.7
Conjurations   | |  1.0

Action                     |  1- 3 |  4- 6 |  7- 9 | 10-12 || total
---------------------------+-------+-------+-------+-------++-------
  Melee: Dagger            |    21 |       |       |       ||    21
         Short sword       |   106 |    30 |       |       ||   136
         Tailslap          |    12 |    11 |    42 |    69 ||   134
         Whip              |     1 |       |   210 |   344 ||   555
         Quarterstaff      |       |    36 |    46 |       ||    82
  Throw: Dart              |     3 |     7 |     1 |       ||    11
         Throwing net      |       |       |     1 |       ||     1
   Cast: Foxfire           |     8 |    44 |    49 |    72 ||   173
         Scorch            |     2 |    19 |    59 |   111 ||   191
         Lesser Beckoning  |       |       |       |     2 ||     2
 Invoke: Divine Shield     |       |     1 |     1 |       ||     2
Ability: Breathe Steam     |       |       |       |     1 ||     1
  Evoke: Wand              |       |       |    11 |    11 ||    22
    Use: Scroll            |     7 |     4 |     7 |    12 ||    30
         Potion            |     2 |     5 |    10 |     9 ||    26
   Stab: Sleeping          |     2 |       |       |       ||     2
 Armour: Skin              |    79 |   108 |   219 |   326 ||   732
  Dodge: Dodged            |    76 |   113 |   133 |   212 ||   534
         Repelled          |       |       |       |     4 ||     4
  Block: Other             |       |     1 |       |       ||     1
         Kite shield       |       |       |   161 |   304 ||   465
